 Dungeon Crawl Stone Soup version 0.22.1-1-ga44c0e56f4 (webtiles) character file.

5546 c00lDude2005 the Carver (level 10, -3/88 HPs)
             Began as a Minotaur Fighter on Oct 18, 2018.
             Was a Priest of Okawaru.
             Slain by an unseen horror (6 damage)
             ... on level 9 of the Dungeon on Oct 19, 2018.
             The game lasted 00:19:57 (8547 turns).

c00lDude2005 the Carver (Minotaur Fighter)          Turns: 8547, Time: 00:19:57

Health: -3/88      AC: 16    Str: 24    XL:     10   Next: 44%
Magic:  12/12      EV:  6    Int:  5    God:    Okawaru [***...]
Gold:   401        SH: 11    Dex: 10    Spells: 9/9 levels left

rFire    . . .     SeeInvis .   o - +4 scimitar
rCold    . . .     Gourm    .   c - +0 shield
rNeg     . . .     Faith    +   e - +2 plate armour
rPois    +         Spirit   .   (helmet restricted)
rElec    .         Reflect  .   (no cloak)
rCorr    .         Harm     .   (no gloves)
MR       .....                  (no boots)
Stlth    ..........             j - amulet of faith
HPRegen  0.24/turn              s - ring of poison resistance
MPRegen  0.13/turn              (no ring)

@: no status effects
A: retaliatory headbutt, horns 2
a: Heroism, Renounce Religion


You were on level 9 of the Dungeon.
You worshipped Okawaru.
Okawaru was most pleased with you.
You were very full.

You visited 1 branch of the dungeon, and saw 9 of its levels.
You also visited: Ossuary.

You collected 401 gold pieces.

Inventory:

Hand Weapons
 o - a +4 scimitar (weapon)
Armour
 c - a +0 shield (worn)
 e - a +2 plate armour (worn)
Jewellery
 b - an uncursed amulet of rage
 j - an amulet of faith (around neck)
 r - an uncursed ring of fire
 s - a ring of poison resistance (left hand)
Wands
 d - a wand of clouds (5)
 g - a wand of digging (15)
 l - a wand of enslavement (13)
 q - a wand of polymorph (7)
 u - a wand of disintegration (10)
 w - a wand of flame (21)
Scrolls
 m - 5 scrolls of remove curse
 n - 9 scrolls of teleportation
 t - a scroll of amnesia
Potions
 h - a potion of invisibility
 i - a potion of curing
 k - 2 potions of agility
 p - 2 potions of might
Comestibles
 f - 11 rations


   Skills:
 + Level 7.9 Fighting
 + Level 11.2 Long Blades
 + Level 8.9 Armour
 - Level 0.1 Dodging
 - Level 0.1 Stealth
 + Level 8.9 Shields
 * Level 5.2 Evocations


You had 9 spell levels left.
You didn't know any spells.
Your spell library contained the following spells:

 Spells                   Type           Power        Failure   Level  Hunger
 Corona                   Hex            #......      100%        1    ##.....
 Magic Dart               Conj           #...         100%        1    ##.....
 Blink                    Tloc           N/A          100%        2    ###....
 Call Imp                 Summ           #.......     100%        2    ###....
 Ensorcelled Hibernation  Hex/Ice        #.....       100%        2    ###....
 Slow                     Hex            #.......     100%        2    ###....
 Confuse                  Hex            #.......     100%        3    ####...
 Conjure Flame            Conj/Fire      #.......     100%        3    ####...
 Dazzling Spray           Conj/Hex       #.....       100%        3    ####...
 Mephitic Cloud           Conj/Pois/Air  #.......     100%        3    ####...
 Tukima's Dance           Hex            #.......     100%        3    ####...


Dungeon Overview and Level Annotations

Branches:
Dungeon (9/15)             Temple (0/1) D:7
   Lair: D:8-11         Orc: D:9-12

Altars:
Okawaru


Innate Abilities, Weirdness & Mutations

You reflexively headbutt those who attack you in melee.
You have a pair of horns on your head.


Message History

You closely miss something. Your headbutt misses something. Something hits you.
* * * LOW HITPOINT WARNING * * *
Something hits you but does no damage. You block something's attack.
Found 11 gold pieces.
You block something's attack.
You closely miss something. Something hits you but does no damage.
Something hits you but does no damage. You block something's attack.
There is a stone staircase leading up here.
Something hits you.
* * * LOW HITPOINT WARNING * * *
You block something's attack.
You are too injured to fight recklessly!
Something hits you!
* * * LOW HITPOINT WARNING * * *
Something hits you but does no damage. x2
There is a stone staircase leading up here.
You can't go down here!
Something hits you.
You die...

##........##...####'##..#
##.........#........+.....
)#.........#........#......
.'.........#........#
......
†#........#######...# ....
##[.......##...##...##
##...................#
.'...#######.........#
##...# ..##....@...##
##...## ............#
......#...............$.
##....#...##...##...##..
#....#... ########## .
#....#$. #...##. #...#
#...#


There were no monsters in sight!

Vanquished Creatures
  Pikel (D:7)
  A troll (D:9)
  5 yaks (D:9)
  2 wraiths (Ossuary)
  A hungry ghost (D:8)
  5 orc warriors
  2 sky beasts
  A black bear (D:8)
  4 ogres
  2 phantoms
  2 centaurs (D:5)
  A big kobold (D:9)
  3 bullfrogs
  A gnoll sergeant (D:8)
  3 scorpions
  5 killer bees (D:8)
  7 wights
  3 howler monkeys (D:7)
  2 crimson imps
  5 orc priests
  A jelly (D:8)
  3 bullfrog skeletons
  A centaur skeleton (D:4)
  3 hounds
  2 iguanas (D:6)
  7 orc wizards
  12 worker ants
  2 hound zombies
  2 hound skeletons
  Robin (D:2)
  3 gnolls (D:8)
  5 adders
  2 shadow imps
  2 adder skeletons
  A worm (D:3)
  2 dart slugs
  4 leopard geckos
  43 orcs
  2 giant cockroaches
  18 goblins
  9 hobgoblins
  5 jackals
  5 quokkas
  A ball python (D:3)
  A ball python skeleton (Ossuary)
  10 bats
  5 frilled lizards
  3 hobgoblin skeletons (Ossuary)
  13 kobolds
  2 leopard gecko skeletons
  An orc skeleton (Ossuary)
  A quokka skeleton (D:8)
  4 rats
232 creatures vanquished.

Vanquished Creatures (others)
  A goblin (D:2)
1 creature vanquished.

Grand Total: 233 creatures vanquished

Notes
Turn   | Place    | Note
-------+----------+-------------------------------------------
     0 | D:1      | c00lDude2005 the Minotaur Fighter began the quest for the
                  | Orb.
     0 | D:1      | Reached XP level 1. HP: 19/19 MP: 0/0
   207 | D:1      | Reached XP level 2. HP: 26/27 MP: 1/1
   734 | D:2      | Noticed Robin
   751 | D:2      | Reached XP level 3. HP: 23/33 MP: 2/2
   759 | D:2      | Reached skill level 3 in Long Blades
   764 | D:2      | Killed Robin
  1140 | D:2      | Reached XP level 4. HP: 40/40 MP: 3/3
  1836 | D:3      | Reached skill level 4 in Long Blades
  1836 | D:3      | Reached XP level 5. HP: 36/47 MP: 4/4
  2438 | D:4      | Reached skill level 5 in Shields
  2690 | D:4      | Reached skill level 5 in Long Blades
  2690 | D:4      | Reached XP level 6. HP: 53/53 MP: 5/5
  2967 | D:4      | Reached skill level 5 in Fighting
  2967 | D:4      | Reached skill level 5 in Armour
  3600 | D:5      | Entered Level 5 of the Dungeon
  3671 | D:5      | Reached skill level 6 in Long Blades
  3671 | D:5      | Reached XP level 7. HP: 53/61 MP: 6/6
  4010 | D:5      | Found a sand-covered staircase.
  4019 | Ossuary  | Entered an ossuary
  4171 | Ossuary  | Reached skill level 7 in Long Blades
  4238 | Ossuary  | Noticed a wraith
  4238 | Ossuary  | Noticed a flying skull
  4283 | Ossuary  | Noticed a flying skull
  4286 | Ossuary  | Noticed a flying skull
  4295 | Ossuary  | Noticed a wraith
  4311 | Ossuary  | Killed a wraith
  4311 | Ossuary  | Reached skill level 1 in Evocations
  4311 | Ossuary  | Reached XP level 8. HP: 32/70 MP: 6/8
  4510 | Ossuary  | Noticed a flying skull
  4668 | D:5      | Reached skill level 8 in Long Blades
  5963 | D:6      | Reached XP level 9. HP: 70/78 MP: 10/10
  6128 | D:7      | Reached skill level 9 in Long Blades
  6351 | D:7      | Noticed Pikel
  6358 | D:7      | Killed Pikel
  6778 | D:7      | Reached skill level 10 in Long Blades
  6825 | D:7      | Found an iron altar of Okawaru.
  6827 | D:7      | Became a worshipper of Warmaster Okawaru
  6860 | D:7      | Found a staircase to the Ecumenical Temple.
  7104 | D:8      | Reached * piety under Okawaru
  7536 | D:8      | Reached XP level 10. HP: 86/86 MP: 12/12
  8034 | D:9      | Reached ** piety under Okawaru
  8389 | D:9      | Reached skill level 5 in Evocations
  8397 | D:9      | Reached skill level 11 in Long Blades
  8456 | D:9      | Reached *** piety under Okawaru
  8545 | D:9      | HP: 3/88 [something (8)]
  8547 | D:9      | Slain by an unseen horror

Skill      XL: |  1  2  3  4  5  6  7  8  9 10 |
---------------+-------------------------------+-----
Armour         | 4 5 6 7 8 |  8.9
Fighting       | 4 5 6 7 |  7.9
Shields        | 4 5 6 7 8 |  8.9
Long Blades    | 3 4 5 6 7 8 10 11 | 11.2
Evocations     | 1 3 4 5 |  5.2
Dodging        | |  0.1
Stealth        | |  0.1

Action                   |  1- 3 |  4- 6 |  7- 9 | 10-12 || total
-------------------------+-------+-------+-------+-------++-------
Melee: Long sword        |   122 |   163 |    72 |       ||   357
       Headbutt          |    12 |    37 |    65 |    18 ||   132
       Scimitar          |       |       |   274 |   100 ||   374
 Abil: Evoke Berserk Rag |       |       |     1 |       ||     1
  Use: Potion            |     1 |     7 |     5 |     2 ||    15
       Scroll            |       |     5 |     7 |     2 ||    14
  Eat: Chunk             |     1 |     6 |     6 |       ||    13
       Ration            |       |     3 |       |     3 ||     6
Armor: Plate armour      |   124 |   118 |   164 |   121 ||   527
       Scale mail        |     1 |       |       |       ||     1
Dodge: Dodged            |    21 |    39 |    54 |    30 ||   144
Block: Shield            |    73 |    85 |   187 |    72 ||   417
       Rpst.: Long sword |     3 |    13 |     2 |       ||    18
       Scimitar          |       |       |    10 |     7 ||    17
